 Dungeon Sprint DCSS version 0.21.1-1-g345015f (webtiles) character file.

0 Psiloshibe the Skirmisher (level 1, -1/19 HPs)
             Began as a Barachi Berserker on June 10, 2018.
             Was a Follower of Trog.
             Slain by Sigmund
             ... wielding a +0 scythe
              (13 damage)
             ... in the Dungeon (Sprint VI: "Thunderdome").
             The game lasted 00:00:43 (39 turns).

Psiloshibe the Skirmisher (Barachi Berserker)         Turns: 39, Time: 00:00:43

Health: -1/19      AC:  2    Str: 18    XL:     1   Next: 20%
Magic:  1/1        EV: 13    Int: 10    God:    Trog [*.....]
Gold:   20         SH:  0    Dex: 20    Spells: 0/0 levels left

rFire    + + .     SeeInvis .   a - +0 falchion
rCold    x . .     Gourm    +   (no shield)
rNeg     . . .     Faith    .   b - +0 animal skin
rPois    .         Spirit   .   (no helmet)
rElec    .         Reflect  .   (no cloak)
rCorr    .         Harm     .   (no gloves)
MR       .....     NoTele   +   (no boots)
Stlth    ++........             o - amulet "Nyvad" {Gourm rC- Int+3 Dex+3}
HPRegen  0.06/turn              p - ring of Omitalie {-Tele rF++ Dex+6 Stlth-}
MPRegen  0.07/turn              q - ring of Gozag's Displeasure {Wiz Stlth+}

@: slow
A: +LOS, swims, slowness 1, strong legs 1
a: Hop, Berserk, Burn Spellbooks, Renounce Religion


You were in the Dungeon.
You worshipped Trog.
Trog was aware of your devotion.
You were not hungry.

You visited 1 branch You collected 200 gold pieces.
You spent 180 gold pieces at shops.

Inventory:

Hand Weapons
 a - a +0 falchion (weapon)
Armour
 b - a +0 animal skin (worn)
Jewellery
 n - the ring "Maimadwa" {Wiz Str-3 Int+6}
   (You bought it in a shop in the Dungeon)

   [ring of wizardry]

   It improves your spell success rate.
   It affects your strength (-3).
   It affects your intelligence (+6).
 o - the amulet "Nyvad" (around neck) {Gourm rC- Int+3 Dex+3}
   (You bought it in a shop in the Dungeon)

   [amulet of the gourmand]

   It allows you to eat raw meat even when not hungry.
   It affects your intelligence (+3).
   It affects your dexterity (+3).
   It makes you vulnerable to cold.
 p - the ring of Omitalie (left hand) {-Tele rF++ Dex+6 Stlth-}
   (You bought it in a shop in the Dungeon)

   [ring of loudness]

   It affects your dexterity (+6).
   It greatly protects you from fire.
   It prevents most forms of teleportation.
   It makes you less stealthy.
 q - the ring of Gozag's Displeasure (right hand) {Wiz Stlth+}
   (You bought it in a shop in the Dungeon)

   [ring of wizardry]

   It improves your spell success rate.
   It makes you more stealthy.
Wands
 k - a wand of acid (5)
 l - a wand of iceblast (5)
Scrolls
 i - 4 scrolls of blinking
 m - 3 scrolls of fog
Potions
 d - a potion of curing
 e - 4 potions of heal wounds
 f - 4 potions of haste
 g - 2 potions of magic
 h - a potion of berserk rage
 j - a potion of resistance
Comestibles
 c - a ration


   Skills:
 + Level 3.9 Fighting
 + Level 3.9 Long Blades
 * Level 0.5 Throwing
 + Level 2.5 Armour
 + Level 2.2 Dodging


You couldn't memorise any spells.
You didn't know any spells.

Dungeon Overview and Level Annotations

Branches:
Dungeon (1/1)

Altars:
Fedhas
Gozag
Kikubaaqudgha
Makhleb
Okawaru
Ru
Trog
Uskayaw
Xom
The Shining One
Beogh
Lugonu

Shops:
D *[%?

Annotations:
D Sigmund


Innate Abilities, Weirdness & Mutations

Shadows flee at your approach. (+LOS)
You can swim through water.
You cover ground slowly.
You can hop short distances.


Message History

Sigmund casts a spell at you. The puff of flame hits you! You resist.
Sigmund says, "Your kind have come here before.
I understand now why.
You desire death..."
Sigmund gestures at you while chanting.
You are confused.
There is an entrance to Zotoor's Jewellery here.
You're too confused!
Sigmund mumbles some strange words.
Sigmund flickers and vanishes!
Deactivating autopickup; reactivate with Ctrl-A.
You're too confused!
You're too confused!
You bump into the stone wall.
A magic dart appears from out of thin air!
The magic dart hits you!
You're too confused to move!
You feel less confused. Something hits you!
Ouch! That really hurt!
You die...

#_......._
###.........
#⌠..........
######.8.........
##∩._.......# ...
###∩......(.8.# .8.
##......((.....###...
#⌠....(.....###...#
#⌠..@.......# #.<.#
#⌠..........# #...#
##.............###...
###∩........8.# .8.
##∩___......# ...
######.8..... ...
#⌠...... ... ###...
... #_.. .._


There were no monsters in sight!

Vanquished Creatures
  A frilled lizard (D)
  A kobold (D)
2 creatures vanquished.

Notes
Turn   | Place    | Note
-------+----------+-------------------------------------------
     0 | D        | Psiloshibe the Barachi Berserker began the quest for the Orb.
     0 | D        | Reached XP level 1. HP: 18/18 MP: 1/1
     0 | D        | Found a glowing golden altar of the Shining One.
     0 | D        | Found an iron altar of Okawaru.
     3 | D        | Found a roughly hewn altar of Beogh.
     3 | D        | Found a hide-covered altar of Uskayaw.
     4 | D        | Found a bloodstained altar of Trog.
     4 | D        | Found a shimmering altar of Xom.
     5 | D        | Found a blossoming altar of Fedhas.
     5 | D        | Round 1.
     6 | D        | Found Obrempil's Delicious Food.
     6 | D        | Found a corrupted altar of Lugonu.
     6 | D        | Found Itaobos's Identification Station.
     6 | D        | Found a burning altar of Makhleb.
     7 | D        | Found Zotoor's Jewellery.
     7 | D        | Found Isacroh's Advanced Armour.
     7 | D        | Found an ancient bone altar of Kikubaaqudgha.
     7 | D        | Found an opulent altar of Gozag.
     7 | D        | Found a sacrificial altar of Ru.
    27 | D        | Noticed Sigmund
    27 | D        | Bought a brightly glowing bone ring for 45 gold pieces
    27 | D        | Bought a slimy sapphire amulet for 45 gold pieces
    27 | D        | Bought a glittering granite ring for 45 gold pieces
    27 | D        | Identified the amulet "Nyvad" {Gourm rC- Int+3 Dex+3} (You bought it in a shop in the Dungeon)
    28 | D        | Identified the ring "Maimadwa" {Wiz Str-3 Int+6} (You bought it in a shop in the Dungeon)
    30 | D        | Identified the ring of Omitalie {-Tele rF++ Dex+6 Stlth-} (You bought it in a shop in the Dungeon)
    31 | D        | Bought an ancient copper ring for 45 gold pieces
    31 | D        | Identified the ring of Gozag's Displeasure {Wiz Stlth+} (You bought it in a shop in the Dungeon)
    39 | D        | Slain by Sigmund

Action                   || total
-------------------------++-------
Melee: Falchion          ||     6
Armor: Animal skin       ||     2
Dodge: Dodged            ||     8
       Rpst.: Falchion   ||     2
